 Dungeon Crawl Stone Soup version 0.31-a0-1612-g4aaf141004 (webtiles) character file.

Game seed: 6594751056315316051

54271 Curundu the Severer (level 14, -6/135 HPs)
             Began as a Minotaur Berserker on Jan 9, 2024.
             Was a High Priest of Trog.
             Mangled by a merfolk
             ... wielding a +0 spear of flaming
              (16 damage)
             ... on level 1 of the Shoals.
             The game lasted 01:21:20 (20277 turns).

Curundu the Severer (Minotaur Berserker)           Turns: 20277, Time: 01:21:21

Health: -6/135     AC: 20    Str: 29    XL:     14   Next: 34%
Magic:  13/13      EV: 13    Int:  4    God:    Trog [*****.]
Gold:   935        SH:  5    Dex: 13    Spells: 13/13 levels left

rFire   . . .        r - +8 trident of the Wasteland {flame, rElec rC+++ Str+3 Dex+2}
rCold   + + +        f - +0 buckler
rNeg    . . .        m - +0 plate armour
rPois   +            H - +0 hat
rElec   +            G - scarf {repulsion}
rCorr   .            E - +2 pair of gloves
SInv    +            (no boots)
Will    +++..        (no amulet) Stlth
                     K - ring of see invisible
HPRegen 1.42/turn    s - ring of poison resistance
MPRegen 0.13/turn

%: repel missiles
@: strong-willed, regenerating
A: horns 2, retaliatory headbutt
a: Renounce Religion, Berserk, Trog's Hand, Brothers in Arms


You were on level 1 of the Shoals.
You worshipped Trog.
Trog was extremely pleased with you.
You visited 3 branches of the dungeon, and saw 16 of its levels.
You also visited: Ossuary.

You collected 935 gold pieces.

Inventory:

Hand Weapons
 r - the +8 trident of the Wasteland (weapon) {flame, rElec rC+++ Str+3 Dex+2}
   (You found it on level 4 of the Dungeon)

   Str+3:     It affects your strength (+3).
   Dex+2:     It affects your dexterity (+2).
   rC+++:     It renders you almost immune to cold.
   rElec:     It insulates you from electricity.
 y - a +2 war axe of flaming
Missiles
 i - 5 atropa-tipped darts
 j - 26 poisoned darts
 F - 3 throwing nets
 T - 7 boomerangs (quivered)
Armour
 f - a +0 buckler (worn)
 m - a +0 plate armour (worn)
 E - a +2 pair of gloves (worn)
 G - a scarf of repulsion (worn)
 H - a +0 hat (worn)
Jewellery
 g - a ring of protection from cold
 n - a +6 ring of dexterity
 o - a ring of resist corrosion
 s - a ring of poison resistance (right hand)
 J - a ring of fire
 K - a ring of see invisible (left hand)
 N - the amulet of Cowardice {Spirit Int+5}
   (You found it on level 1 of the Lair of Beasts)

   [amulet of guardian spirit]

   Spirit:    It causes incoming damage to be divided between your reserves of
   health and magic.
   Int+5:     It affects your intelligence (+5).
 U - a ring of fire
Wands
 e - a wand of flame (11)
 h - a wand of roots (13)
 t - a wand of polymorph (2)
 x - a wand of digging (5)
 O - a wand of light (5)
 P - a wand of mindburst (6)
 V - a wand of charming (7)
Scrolls
 q - 5 scrolls of immolation
 u - 5 scrolls of teleportation
 z - 3 scrolls of brand weapon
 A - 4 scrolls of blinking
 B - 3 scrolls of identify
 C - a scroll of revelation
 D - a scroll of torment
 I - 2 scrolls of fog
 L - a scroll of enchant weapon
 M - 2 scrolls of poison
 Q - 2 scrolls of noise
 R - a scroll of summoning
 S - 2 scrolls of fear
Potions
 a - a potion of resistance
 b - 3 potions of curing
 c - 3 potions of might
 d - 5 potions of haste
 k - 4 potions of mutation
 l - 3 potions of ambrosia
 p - 5 potions of lignification
 v - 2 potions of enlightenment
 w - 2 potions of magic


   Skills:
 + Level 15.3 Fighting
 + Level 15.4 Axes
 + Level 15.2 Armour
 + Level 14.0 Dodging
 + Level 4.6 Shields


You had 13 spell levels left.
You didn't know any spells.
Your spell library was empty.

Dungeon Overview and Level Annotations

Branches:
Dungeon (10/15)            Temple (0/1) D:4            Lair (5/5) D:10
 Shoals (1/4) Lair:3       Spider (0/4) Lair:3        Slime (0/5) Lair:5
    Orc (0/2) D:9         Ossuary (visited)

Altars:
Ashenzari
Cheibriados
Dithmenos
Hepliaklqana
Kikubaaqudgha
Makhleb
Nemelex Xobeh
Okawaru
Qazlal
Sif Muna
Uskayaw
Wu Jian
Xom
Jiyva

Shops:
D:6 *   D:8 :

Annotations:
D:5 Ijyb
Lair:2 3 runed translucent doors, bobo's ghost, novice TrSh
Lair:5 2 transporters, exclusion: 2 oklob plants, dialectric's ghost, journeyman MiFi


Innate Abilities, Weirdness & Mutations

You have a pair of horns on your head.
You reflexively headbutt those who attack you in melee.


Message History

You kill the merfolk!
Trog accepts your kill.
You swap places.
The merfolk closely misses you. You furiously retaliate!
You headbutt the merfolk.
The fire crab bites your iron troll but does no damage.
The fire crab claws your iron troll but does no damage.
Things that are here:
a +3 flail of holy wrath; a +1 robe of fire resistance You impale the merfolk!!
You burn the merfolk.
The merfolk is moderately wounded.
The merfolk closely misses you. The fire crab breathes flames at you.
The blast of flame engulfs your iron troll but does no damage.
You barely miss the merfolk. You headbutt the merfolk!
The merfolk is heavily wounded.
You are engulfed in blazing flames.
Your iron troll bites the fire crab!!!
Your iron troll claws the fire crab.
Your iron troll closely misses the fire crab.
The merfolk hits you with a +0 spear of flaming!
* * * LOW HITPOINT WARNING * * *
The merfolk burns you.
* * * LOW HITPOINT WARNING * * *
The fire crab bites your iron troll.
Your iron troll is engulfed in flames.
Your iron troll resists.
The fire crab claws your iron troll but does no damage.
You puncture the merfolk! You burn the merfolk. You headbutt the merfolk!
The merfolk is almost dead.
You are engulfed in blazing flames.
* * * LOW HITPOINT WARNING * * *
Your iron troll bites the fire crab!
The fire crab dies!
Trog accepts your kill.
The merfolk hits you with a +0 spear of flaming.
* * * LOW HITPOINT WARNING * * *
The merfolk burns you.
* * * LOW HITPOINT WARNING * * *
You feel better.
You are engulfed in blazing flames.
* * * LOW HITPOINT WARNING * * *
The merfolk hits you with a +0 spear of flaming!
You die...

~~~~~~~~~~~~...........#
~~~~~~~..~~~~......))..#
~~~~~~....)~~~...~~..~..
~~~~~~......~~~~~≈~~~~~.
~~~~~......).~~~~~~~~P~.
~~~~~~~~°~.....~.[...PP.
~~~.##°°°°~........~PP.P
~..#..#T°~~......P##.P.[
#..#@#.~~.......#.≈..
.......m..~~........≈≈..
##.)≈≈[.##.~..........^.
...≈≈≈≈...#~............
...≈≈≈≈...#~........#...
##.!≈≈).##.~....>~~.....
..........~~.....~.....#
.#.#..#.#.~~....~~..~~.#
~~....~~~###...


You could see a merfolk (ally target) and a friendly iron troll (summoned,
berserk).

Vanquished Creatures
  Gastronok (D:8)
  A boulder beetle (Lair:2)
  2 hydras (Lair:5)
  A catoblepas (Lair:5)
  3 death yaks (Lair:4)
  Amaemon (D:10)
  6 skysharks
  A lindwurm (Lair:5)
  5 harpies (Shoals:1)
  A manticore (Shoals:1)
  2 cyclopes (D:7)
  An ugly thing (D:9)
  3 merfolk sirens (Shoals:1)
  7 black mambas
  13 elephants
  A water nymph (Shoals:1)
  2 gargoyles (D:10)
  An orange demon (D:10)
  13 cane toads
  An unseen horror (D:10)
  Maggie (D:8)
  10 komodo dragons
  4 rime drakes
  3 trolls
  8 merfolk (Shoals:1)
  A wind drake (Shoals:1)
  4 hornets
  7 polar bears
  8 blink frogs
  9 dream sheep (Lair:5)
  A snapping turtle (Shoals:1)
  2 slime creatures (D:7)
  10 yaks
  A water elemental (Shoals:1)
  13 spriggans (Lair:5)
  8 basilisks
  3 fire bats (Shoals:1)
  3 wyverns
  Grum (D:10)
  2 vampire mosquitoes (D:9)
  Edmund (D:5)
  An acid dragon (D:10)
  13 water moccasins
  An orc warrior (D:10)
  A swamp drake (D:10)
  4 black bears
  A sky beast (D:7)
  4 ogres
  4 boggarts (Lair:5)
  3 ice beasts
  30 wolves
  3 centaurs
  3 kobold brigands
  10 bullfrogs
  A gnoll sergeant (D:7)
  6 water moccasin zombies (Ossuary)
  8 scorpions
  A burial acolyte (Ossuary)
  7 wights
  7 howler monkeys
  6 jellies
  3 bombardier beetles
  7 hounds
  6 orc priests
  A spectral scorpion (Ossuary)
  2 gnoll boudas
  2 sleepcaps
  4 iguanas
  10 orc wizards
  2 crocodile zombies (Ossuary)
  2 mummies (Ossuary)
  9 gnolls
  11 adders
  5 shadow imps
  A white imp (D:7)
  3 adder zombies (Ossuary)
  5 dart slugs
  3 ribbon worms
  31 orcs
  2 bats
  6 endoplasms
  3 giant cockroaches
  4 gnoll zombies (Ossuary)
  5 goblins
  4 hobgoblins
  11 jackals
  3 quokkas
  8 ball pythons
  3 frilled lizards
  A jackal zombie (Ossuary)
  17 kobolds
  An orc zombie (Ossuary)
  5 rats
  A spectral goblin (D:10)
461 creatures vanquished.

Vanquished Creatures (collateral kills)
  A fire crab (Shoals:1)
  A merfolk siren (Shoals:1)
2 creatures vanquished.

Grand Total: 463 creatures vanquished

Notes
Turn   | Place    | Note
-------+----------+-------------------------------------------
     0 | D:1      | Curundu the Minotaur Berserker began the quest for the Orb.
     0 | D:1      | Reached XP level 1. HP: 19/19 MP: 0/0
    66 | D:1      | Reached XP level 2. HP: 26/27 MP: 1/1
   459 | D:1      | Reached XP level 3. HP: 33/33 MP: 2/2
   883 | D:2      | Reached ** piety under Trog
   927 | D:2      | Reached XP level 4. HP: 38/40 MP: 3/3
  1159 | D:2      | Found a faded altar of an unknown god.
  1389 | D:3      | Found an iron altar of Okawaru.
  1484 | D:3      | Found an ancient bone altar of Kikubaaqudgha.
  2039 | D:3      | Found a snail-covered altar of Cheibriados.
  2040 | D:3      | Found a hide-covered altar of Uskayaw.
  2180 | D:4      | Found a stormy altar of Qazlal.
  2192 | D:4      | Reached XP level 5. HP: 34/47 MP: 4/4
  2330 | D:4      | Reached skill level 5 in Axes
  2361 | D:4      | Reached skill level 5 in Fighting
  2414 | D:4      | Found a staircase to the Ecumenical Temple.
  2416 | D:4      | Reached *** piety under Trog
  2503 | D:4      | Found a shadowy altar of Dithmenos.
  2649 | D:4      | Identified the +8 trident of the Wasteland {flame, rElec
                  | rC+++ Str+3 Dex+2}
  2686 | D:4      | Reached XP level 6. HP: 51/56 MP: 5/5
  3022 | D:5      | Entered Level 5 of the Dungeon
  3041 | D:5      | Found a sand-covered staircase.
  3056 | D:5      | Found a sparkling altar of Nemelex Xobeh.
  3095 | Ossuary  | Entered an ossuary
  3212 | Ossuary  | Reached skill level 5 in Armour
  3212 | Ossuary  | Reached XP level 7. HP: 55/62 MP: 6/6
  3264 | Ossuary  | Reached skill level 5 in Dodging
  3396 | D:5      | Found a shimmering altar of Xom.
  3421 | D:5      | Reached **** piety under Trog
  3672 | D:5      | Reached XP level 8. HP: 71/71 MP: 7/7
  3749 | D:5      | Noticed Ijyb
  3885 | D:5      | Noticed Edmund
  3903 | D:5      | Killed Edmund
  5146 | D:6      | Reached XP level 9. HP: 38/81 MP: 8/8
  5304 | D:6      | Found Buucon's General Store.
  5634 | D:6      | Found a shimmering blue altar of Sif Muna.
  6505 | D:7      | Noticed a cyclops
  6506 | D:7      | Noticed a troll
  6516 | D:7      | Killed a cyclops
  6522 | D:7      | Killed a troll
  6557 | D:7      | Reached XP level 10. HP: 36/91 MP: 9/9
  6736 | D:7      | Noticed a cyclops
  6739 | D:7      | Killed a cyclops
  7074 | D:8      | Found Rotek's Book Emporium.
  7074 | D:8      | Noticed Maggie
  7083 | D:8      | Killed Maggie
  7100 | D:8      | Noticed Gastronok
  7135 | D:8      | Killed Gastronok
  7136 | D:8      | Reached skill level 10 in Fighting
  7136 | D:8      | Reached skill level 10 in Axes
  7244 | D:8      | Reached skill level 10 in Armour
  7297 | D:8      | Paralysed by a hornet for 2 turns
  7485 | D:8      | Found a burning altar of Makhleb.
  8191 | D:9      | Found an ornate altar of the Wu Jian Council.
  8613 | D:9      | Noticed a cyan ugly thing
  8618 | D:9      | Killed a cyan ugly thing
  8677 | D:9      | Found a staircase to the Orcish Mines.
  8831 | D:9      | Reached XP level 11. HP: 101/101 MP: 10/10
  8836 | D:9      | Reached ***** piety under Trog
  9344 | D:10     | Entered Level 10 of the Dungeon
  9386 | D:10     | Noticed Grum
  9401 | D:10     | Killed Grum
  9507 | D:10     | Found a broken altar of Ashenzari.
  9513 | D:10     | Identified the +5 short sword of Corpus Delicti {protect,
                  | rPois rN++ rCorr Int-5}
  9618 | D:10     | Reached skill level 10 in Dodging
 10445 | D:10     | Found a hazy altar of Hepliaklqana.
 10711 | D:10     | Found a staircase to the Lair.
 10766 | Lair:1   | Entered Level 1 of the Lair of Beasts
 10781 | Lair:1   | Noticed Amaemon
 10800 | D:10     | Killed Amaemon
 11134 | Lair:1   | Identified the amulet of Cowardice {Spirit Int+5}
 11318 | Lair:1   | Noticed a skyshark
 11341 | Lair:1   | Killed a skyshark
 11709 | Lair:1   | Reached XP level 12. HP: 112/112 MP: 11/11
 12794 | Lair:2   | Noticed bobo's ghost (novice TrSh)
 12795 | Lair:2   | Noticed a death yak
 12795 | Lair:2   | Noticed a minotaur
 12818 | Lair:2   | Found a runed translucent gate.
 12818 | Lair:2   | Found a runed translucent gate.
 12818 | Lair:2   | Found a runed translucent gate.
 12858 | Lair:2   | Noticed a boulder beetle
 12889 | Lair:2   | Killed a boulder beetle
 13252 | Lair:2   | You fall into a shaft and drop 2 floors!
 13860 | Lair:4   | Noticed a death yak
 13887 | Lair:4   | Killed a death yak
 13892 | Lair:4   | Noticed a death yak
 13896 | Lair:4   | Noticed a death yak
 13905 | Lair:4   | Killed a death yak
 13911 | Lair:4   | Killed a death yak
 14392 | Lair:4   | Reached XP level 13. HP: 91/123 MP: 12/12
 14818 | Lair:5   | Entered Level 5 of the Lair of Beasts
 15369 | Lair:5   | Found a viscous altar of Jiyva.
 15369 | Lair:5   | Found a staircase to the Slime Pits.
 16106 | Lair:5   | Found a transporter.
 16336 | Lair:5   | Found a transporter.
 16347 | Lair:5   | Noticed dialectric's ghost (journeyman MiFi)
 17081 | Lair:5   | Reached skill level 1 in Shields
 18143 | Lair:3   | Reached skill level 15 in Axes
 18187 | Lair:3   | Found a hole to the Spider Nest.
 18332 | Lair:3   | Found a staircase to the Shoals.
 18356 | Shoals:1 | Entered Level 1 of the Shoals
 18371 | Lair:3   | Reached skill level 15 in Fighting
 18371 | Lair:3   | Reached XP level 14. HP: 33/135 MP: 13/13
 19077 | Shoals:1 | Received a gift from Trog
 19585 | Shoals:1 | Reached skill level 15 in Armour
 20277 | Shoals:1 | Mangled by a merfolk

Illustrated notes

Levels and vault maps discovered:
D:1:      erik_arrival_cave_to_civilisation [erik_arrival_cave_to_hall],
          layout_basic, minivault_23, minmay_misc_feat_square
D:2:      layout_basic, dreamdust_ecumenical_altar_sealed_demon, st_stairs_5,
          palyth_stone_intersect
D:3:      layout_basic, mainiacjoe_overflow_alcove_4, kiku_gazebo_garden_becter,
          chequers_temple_overflow_statue_of_worship
D:4:      layout_loops_ring, mainiacjoe_overflow_24_doors,
          mainiacjoe_overflow_catwalk, minmay_temple_entry_glass,
          minmay_divided_ellipse
D:5:      layout_loops_ring, nemelex_xobeh_ov_fountains_minmay,
          nicolae_overflow_hidden_temple, nicolae_ossuary_entry_false_entrances,
          minmay_joined_circles, uniq_ijyb, uniq_edmund
D:6:      layout_cave_pools, hellmonk_sif_muna_bookshelves, serial_shops,
          nicolae_shop_window_shopping
D:7:      minmay_blocky_corners, layout_basic
D:8:      layout_cave_pods, amcnicky_altar_gilded, serial_shops, shop,
          uniq_gastronok, uniq_maggie
D:9:      layout_gridville, mainiacjoe_overflow_alcove_1, orc_0_dummy
D:10:     layout_irregular_city, nicolae_ashenzari_skybound,
          nicolae_hepliaklqana_monster_ancestors, erik_lair_dragon,
          evilmike_butchery, uniq_grum
Lair:1:   layout_gridlike, nzn_random_ring, lemuel_fruit_fields, uniq_amaemon
Lair:2:   layout_hall_layers, maelrawn_ghost_gauntlet_escape,
          nzn_sisyphean_effort
Lair:3:   layout_cellular_growth, shoals_dummy_entry,
          nicolae_spider_entry_non_spiders, lemuel_old_faithful,
          grunt_megastairs_3, serial_bayou_shore_a
Lair:4:   layout_hall_layers
Lair:5:   minmay_lair_end_enchanted_forest, layout_loops_ring,
          minmay_slime_entry_oklob_open, nzn_ghost_randoct,
          nicolae_lair_grazing_beasts [nicolae_sub_lair_graze_edge,
          nicolae_sub_lair_graze_edge, nicolae_sub_lair_graze_edge,
          nicolae_sub_lair_graze_edge]
Shoals:1: layout_shoals, hangedman_shoal_volcano

Skill      XL: |  1  2  3  4  5  6  7  8  9 10 11 12 13 14 |
---------------+-------------------------------------------+-----
Axes           | 4 5 6 7 9 10 12 13 15 | 15.4
Fighting       | 4 5 6 7 9 10 12 13 15 | 15.3
Armour         | 3 4 5 6 7 9 10 12 13 14 15 | 15.2
Dodging        | 3 4 5 6 8 9 11 12 13 14 | 14.0
Shields        | 2 4 |  4.6

Action                     |  1- 3 |  4- 6 |  7- 9 | 10-12 | 13-15 || total
---------------------------+-------+-------+-------+-------+-------++-------
  Melee: Hand axe          |    62 |    90 |       |       |       ||   152
         Headbutt          |     9 |    23 |    40 |   119 |   128 ||   319
         Trident           |       |    43 |   213 |   477 |   491 ||  1224
         Punch             |       |       |     1 |     7 |     2 ||    10
  Throw: Dart              |       |       |     5 |     8 |       ||    13
         Boomerang         |       |       |       |       |     4 ||     4
 Invoke: Trog's Hand       |       |       |     1 |     7 |     8 ||    16
         Berserk           |       |       |     1 |     4 |     4 ||     9
         Brothers in Arms  |       |       |       |       |     1 ||     1
  Evoke: Wand              |       |       |       |     5 |    14 ||    19
    Use: Scroll            |     5 |     2 |     8 |     3 |    13 ||    31
         Potion            |       |       |       |     1 |     9 ||    10
 Armour: Animal skin       |     8 |       |       |       |       ||     8
         Scale mail        |    43 |    34 |       |       |       ||    77
         Plate armour      |       |    84 |   163 |   459 |   590 ||  1296
  Dodge: Dodged            |    51 |    52 |   110 |   285 |   415 ||   913
         Repelled          |       |       |       |     3 |     3 ||     6
  Block: Buckler           |       |       |       |       |    75 ||    75

Table legend: (Time is in decaauts)
 A = Elapsed time spent in this place.
 B = Non-inter-level travel time spent in this place.
 C = Inter-level travel time spent in this place.
 D = Time resting spent in this place.
 E = Time spent auto-exploring this place.
 F = Levels seen in this place.
 G = Mean time per level.
                   A        B        C        D        E       F      G
               +--------+--------+--------+--------+--------+-----+--------+
         Total |  20375 |  20375 |      0 |   4986 |  10707 |  17 | 1198.5 |
       Dungeon |  10847 |  10847 |      0 |   1741 |   6830 |  10 | 1084.7 |
          Lair |   7781 |   7781 |      0 |   2791 |   3058 |   5 | 1556.2 |
        Shoals |   1457 |   1457 |      0 |    454 |    633 |   1 | 1457.0 |
       Ossuary |    289 |    289 |      0 |      0 |    186 |   1 |  289.0 |
               +--------+--------+--------+--------+--------+-----+--------+

Top non-repeatable levels by time:
  Lair:4: 2403 daAuts
  Lair:5: 2289 daAuts
     D:5: 1762 daAuts
    D:10: 1700 daAuts
  Lair:1: 1608 daAuts
Shoals:1: 1457 daAuts
     D:9: 1346 daAuts
     D:7: 1232 daAuts
     D:8: 990 daAuts
     D:4: 906 daAuts
  Lair:3: 885 daAuts
     D:3: 812 daAuts
     D:6: 779 daAuts
     D:2: 663 daAuts
     D:1: 652 daAuts
